 Seeded DCSS version 0.31-a0-217-g58bb5d79cf (webtiles) character file.

Game seed: 12589761096544625774 (custom seed)

3066 innerfire43 the Fighter (level 9, -3/81 HPs)
             Began as a Demonspawn Monk on July 2, 2023.
             Was an Elder of Makhleb.
             Slain by Amaemon
             ... wielding a -1 demon whip of venom
              (12 damage)
             ... on level 8 of the Dungeon.
             The game lasted 00:08:45 (6906 turns).

innerfire43 the Fighter (Demonspawn Monk)           Turns: 6906, Time: 00:08:45

Health: -3/81      AC: 11    Str: 15    XL:     9   Next: 57%
Magic:  9/9        EV: 14    Int: 19    God:    Makhleb [****..]
Gold:   389        SH:  0    Dex: 18    Spells: 8/8 levels left

rFire   . . .        B - +7 war axe of Malit {elec, Fragile rElec Dex+3 SInv}
rCold   + . .        d - orb {light}
rNeg    . . .        e - +3 ring mail {rC+}
rPois   .            (helmet restricted)
rElec   +            w - +0 cloak
rCorr   .            (no gloves)
SInv    +            (no boots)
Will    .....        j - amulet of regeneration
Stlth   +            g - +4 ring of slaying
HPRegen 1.13/turn    m - +6 ring of intelligence
MPRegen 0.11/turn

%: no passive effects
@: lethally poisoned (-3 -> -14), glowing
A: antennae 1, rugged brown scales 2, spiny 1
a: Renounce Religion, Minor Destruction, Lesser Servant of Makhleb, Major
Destruction


You were on level 8 of the Dungeon.
You worshipped Makhleb.
Makhleb was greatly pleased with you.
You visited 1 branch of the dungeon, and saw 8 of its levels.

You collected 389 gold pieces.

Inventory:

Hand Weapons
 a - a +0 short sword
 h - a +3 short sword of draining
 r - a +5 quarterstaff
 y - a +2 rapier of speed
 A - a +3 short sword
 B - the +7 war axe of Malit (weapon) {elec, Fragile rElec Dex+3 SInv}
   (You found it on level 7 of the Dungeon)

   Dex:       It affects your dexterity (+3).
   rElec:     It insulates you from electricity.
   SInv:      It lets you see invisible.
   Fragile:   It will be destroyed if unequipped.
Armour
 b - a +0 robe
 d - an orb of light (worn)
 e - a +3 ring mail of cold resistance (worn)
 w - a +0 cloak (worn)
Jewellery
 g - a +4 ring of slaying (left hand)
 j - an amulet of regeneration (around neck)
 m - a +6 ring of intelligence (right hand)
 o - a ring of positive energy
Wands
 k - a wand of flame (15)
 l - a wand of acid (5)
 n - a wand of roots (9)
Scrolls
 f - a scroll of fog
 i - 5 scrolls of identify
 q - a scroll of enchant armour
Potions
 c - 2 potions of ambrosia
 p - a potion of degeneration {unknown}
 s - a potion of brilliance {unknown}
 u - a potion of magic {unknown}
 v - a potion of berserk rage {unknown}
 x - a potion of curing {unknown}
 z - a potion of enlightenment {unknown}


   Skills:
 + Level 9.8 Fighting
 - Level 6.3 Short Blades
 * Level 3.2 Axes
 - Level 6.4 Dodging


You had 8 spell levels left.
You didn't know any spells.
Your spell library contained the following spells:

 Spells                   Type           Power      Damage    Failure   Level
 Apportation              Tloc           0%         N/A       38%         1
 Necrotise                Necr           0%         1d4       38%         1
 Summon Small Mammal      Summ           0%         N/A       38%         1
 Ensorcelled Hibernation  Hex/Ice        0%         N/A       52%         2
 Momentum Strike          Conj/Tloc      0%         3d8       52%         2
 Ozocubu's Armour         Ice            0%         N/A       77%         3
 Enfeeble                 Hex            0%         N/A       100%        7
 Malign Gateway           Summ/Tloc      0%         N/A       100%        7
 Ozocubu's Refrigeration  Ice            0%         4d7       100%        7


Dungeon Overview and Level Annotations

Branches:
Dungeon (8/15)             Temple (0/1) D:6
   Lair: D:8-11

Altars:
Cheibriados
Hepliaklqana
Kikubaaqudgha
Makhleb
Ru

Shops:
D:2 [

Annotations:
D:8 Amaemon


Innate Abilities, Weirdness & Mutations

You have a pair of small antennae on your head.
You are mostly covered in rugged brown scales. (AC +2, +5% HP)
You are partially covered in sharp spines.


Message History

You slice Amaemon!!
Amaemon is severely wounded.
* * * LOW HITPOINT WARNING * * *
You feel extremely sick. Amaemon is struck by your spines.
Amaemon hits you with a -1 demon whip of venom.
* * * LOW HITPOINT WARNING * * *
You are more poisoned.
Amaemon claws you.
* * * LOW HITPOINT WARNING * * *
Amaemon tail-slaps you but does no damage.
Amaemon hits you but does no damage.
You are more poisoned.
Amaemon claws you.
* * * LOW HITPOINT WARNING * * *
Amaemon tail-slaps you but does no damage.
You feel much better.
You feel extremely sick.
Amaemon mumbles some strange words.
You slash Amaemon!
Amaemon is almost dead.
You feel extremely sick.
Amaemon's tail lashes.
Amaemon gestures at the scorpion while chanting.
The scorpion seems to grow toxic.
You slash Amaemon!
Amaemon is almost dead.
You feel extremely sick.
Amaemon casts a spell at the scorpion.
The scorpion seems to grow toxic.
Unknown command.
You completely miss Amaemon.
Amaemon is almost dead.
You feel very sick.
Amaemon hits you with a -1 demon whip of venom.
* * * LOW HITPOINT WARNING * * *
You are lethally poisoned!
Amaemon barely misses you. Amaemon completely misses you.
Amaemon hits you with a -1 demon whip of venom!
You die...

# { ###.#
######s.[.#
#...@6s...#
#....######
#)####
####.)<####.#
#....)........
#.####.#######
# #.# #.# #..


You could see Amaemon and 2 scorpions.

Vanquished Creatures
  An orange demon (D:8)
  Sigmund (D:6)
  Eustachio (D:6)
  The ghost of gelatine the Trooper, an amateur DsFi (D:4)
  Menkaure (D:6)
  2 orc warriors
  A sky beast (D:7)
  A black bear (D:5)
  2 ice beasts (D:6)
  An ogre (D:4)
  A phantom (D:7)
  A kobold brigand (D:7)
  An elf skeleton (D:7)
  2 scorpions
  2 howler monkeys
  6 hounds
  A human zombie (D:7)
  6 orc priests
  A sleepcap (D:5)
  2 gnoll boudas
  3 iron imps (D:3)
  2 iguanas
  Natasha (twice) (D:2)
  2 human skeletons (D:7)
  8 orc wizards
  12 gnolls
  5 adders
  A shadow imp (D:7)
  2 ufetubi
  3 worms
  2 dart slugs (D:1)
  16 orcs
  4 ball pythons
  8 bats
  3 endoplasms
  6 giant cockroaches
  7 goblins
  6 hobgoblins
  4 jackals
  16 kobolds
  4 quokkas
  3 frilled lizards
  2 orc skeletons (D:7)
  4 rats
160 creatures vanquished.

Notes
Turn   | Place    | Note
-------+----------+-------------------------------------------
     0 | D:1      | innerfire43 the Demonspawn Monk began the quest for the
                  | Orb.
     0 | D:1      | Reached XP level 1. HP: 18/18 MP: 1/1
   117 | D:1      | Gained mutation: You are partially covered in rugged brown
                  | scales. (AC +1, +3% HP) [demonic ancestry]
   117 | D:1      | Reached XP level 2. HP: 15/24 MP: 2/2
   999 | D:1      | Reached XP level 3. HP: 25/25 MP: 3/3
  1154 | D:2      | Noticed Natasha
  1160 | D:2      | Killed Natasha
  1292 | D:2      | Reached skill level 4 in Fighting
  1292 | D:2      | Reached XP level 4. HP: 38/38 MP: 4/4
  1348 | D:2      | Noticed Natasha
  1355 | D:2      | Killed Natasha
  1445 | D:2      | Found Evopiss's Armour Shop.
  2090 | D:3      | Gained mutation: You have a pair of small antennae on your
                  | head. [demonic ancestry]
  2090 | D:3      | Reached XP level 5. HP: 37/44 MP: 5/5
  2261 | D:3      | Found a burning altar of Makhleb.
  2283 | D:3      | Reached skill level 5 in Fighting
  2316 | D:3      | Gained mutation: You are mostly covered in rugged brown
                  | scales. (AC +2, +5% HP) [demonic ancestry]
  2316 | D:3      | Reached XP level 6. HP: 18/53 MP: 6/6
  2323 | D:3      | Became a worshipper of Makhleb the Destroyer
  2323 | D:3      | Reached * piety under Makhleb
  2323 | D:3      | Reached ** piety under Makhleb
  3241 | D:4      | Reached skill level 6 in Fighting
  3241 | D:4      | Reached XP level 7. HP: 39/60 MP: 7/7
  3389 | D:4      | Found a runed translucent door.
  3394 | D:4      | Noticed gelatine's ghost (amateur DsFi)
  3440 | D:4      | Killed gelatine's ghost
  3759 | D:4      | Found a large runed translucent door.
  3760 | D:4      | Found a large runed translucent door.
  4082 | D:4      | Found a snail-covered altar of Cheibriados.
  4092 | D:4      | Found a hazy altar of Hepliaklqana.
  4134 | D:5      | Entered Level 5 of the Dungeon
  4345 | D:5      | Found a sacrificial altar of Ru.
  4447 | D:5      | Reached skill level 7 in Fighting
  4533 | D:5      | Reached skill level 5 in Short Blades
  4533 | D:5      | Reached skill level 5 in Dodging
  4533 | D:5      | Gained mutation: You are partially covered in sharp spines.
                  | [demonic ancestry]
  4533 | D:5      | Reached XP level 8. HP: 70/70 MP: 8/8
  4558 | D:5      | Found an ancient bone altar of Kikubaaqudgha.
  4735 | D:5      | Got the Folio of Bewitching Geometries
  5026 | D:6      | Noticed Sigmund
  5041 | D:6      | Killed Sigmund
  5201 | D:6      | Reached *** piety under Makhleb
  5291 | D:6      | Noticed Eustachio
  5305 | D:6      | Killed Eustachio
  5306 | D:6      | Reached skill level 8 in Fighting
  5372 | D:6      | Noticed Menkaure
  5383 | D:6      | Killed Menkaure
  5384 | D:6      | Found a staircase to the Ecumenical Temple.
  6044 | D:7      | Reached XP level 9. HP: 78/78 MP: 9/9
  6198 | D:7      | Reached skill level 9 in Fighting
  6386 | D:7      | Identified the +7 war axe of Malit {elec, Fragile rElec
                  | Dex+3 SInv}
  6556 | D:7      | Found a sand-covered staircase.
  6567 | D:7      | Reached **** piety under Makhleb
  6576 | D:7      | Reached skill level 1 in Axes
  6879 | D:8      | Noticed an orange demon
  6889 | D:8      | Noticed Amaemon
  6890 | D:8      | Killed an orange demon
  6906 | D:8      | Slain by Amaemon

Illustrated notes

Levels and vault maps discovered:
D:1:      pf_arrival_petrified_forest, layout_basic
D:2:      layout_loops_ring, serial_shops, shop, uniq_natasha
D:3:      layout_basic, demons_altar
D:4:      layout_gridville, jmf_multi_god_temple2,
          ebering_ghost_reflecting_pool, minmay_misc_feat_iff,
          grunt_ministairs_6
D:5:      layout_loops_corners, mainiacjoe_overflow_alcove_2,
          amcnicky_altar_gilded
D:6:      layout_basic, minmay_temple_entry_purple_smoke, uniq_menkaure,
          uniq_eustachio, uniq_sigmund
D:7:      layout_loops_ring, nicolae_ossuary_entry_catacombs
D:8:      minmay_angry_zag, layout_loops_ring, uniq_maggie, uniq_amaemon,
          uniq_prince_ribbit1, uniq_maurice

Skill      XL: |  1  2  3  4  5  6  7  8  9 |
---------------+----------------------------+-----
Dodging        | 3 4 5 6 |  6.4
Short Blades   | 3 4 5 6 |  6.3
Fighting       | 4 5 6 7 8 9 |  9.8
Axes           | 3 |  3.2

Action                     |  1- 3 |  4- 6 |  7- 9 || total
---------------------------+-------+-------+-------++-------
  Melee: Short sword       |    98 |   146 |   202 ||   446
         War axe           |       |       |    41 ||    41
  Evoke: Wand              |       |     3 |       ||     3
    Use: Scroll            |     2 |     4 |     4 ||    10
         Potion            |       |     2 |     2 ||     4
 Armour: Robe              |    24 |       |       ||    24
         Ring mail         |     1 |    44 |    77 ||   122
         Skin              |       |    21 |       ||    21
  Dodge: Dodged            |    67 |    75 |   123 ||   265

Table legend: (Time is in decaauts)
 A = Elapsed time spent in this place.
 B = Non-inter-level travel time spent in this place.
 C = Inter-level travel time spent in this place.
 D = Time resting spent in this place.
 E = Time spent auto-exploring this place.
 F = Levels seen in this place.
 G = Mean time per level.
                   A        B        C        D        E       F      G
               +--------+--------+--------+--------+--------+-----+--------+
         Total |   6829 |   6371 |    458 |      0 |   5307 |   8 |  853.6 |
       Dungeon |   6829 |   6371 |    458 |      0 |   5307 |   8 |  853.6 |
               +--------+--------+--------+--------+--------+-----+--------+

Top non-repeatable levels by time:
     D:4: 1269 daAuts
     D:1: 1087 daAuts
     D:6: 1006 daAuts
     D:3: 908 daAuts
     D:7: 877 daAuts
     D:2: 823 daAuts
     D:5: 804 daAuts
     D:8: 53 daAuts
